 Dungeon Crawl Stone Soup version 0.26-a0-651-gb41185065b (webtiles) character file.

Game seed: 7320670745034024035

67 gbos the Sneak (level 4, -4/31 HPs)
             Began as an Octopode Monk on Oct 28, 2020.
             Was a Believer of Qazlal.
             Slain by an iguana (10 damage)
             ... on level 4 of the Dungeon.
             The game lasted 00:01:55 (1741 turns).

gbos the Sneak (Octopode Monk)                      Turns: 1741, Time: 00:01:56

Health: -4/31      AC:  1    Str: 10    XL:     4   Next: 16%
Magic:  4/4        EV: 14    Int: 13    God:    Qazlal [**....]
Gold:   186        SH:  2    Dex: 14    Spells: 3/3 levels left

rFire    . . .     SeeInvis .     - Unarmed
rCold    . . .     Faith    .   (no shield)
rNeg     . . .     Spirit   .   (helmet restricted)
rPois    .         Reflect  .   (no amulet)
rElec    .         Harm     .   (no ring)
rCorr    .         Rampage  .   (no ring)
MR       .....                  (no ring)
Stlth    +++.......             (no ring)
HPRegen  0.10/turn              (no ring)
MPRegen  0.09/turn              (no ring)
                                (no ring)
                                (no ring)

@: no status effects
A: almost no armour, stealthy swim, amphibious, 8 rings, constrict 8, camouflage
1, gelatinous body 1
a: Upheaval, Renounce Religion


You were on level 4 of the Dungeon.
You worshipped Qazlal.
Qazlal was pleased with you.
You visited 2 branches of the dungeon, and saw 5 of its levels.

You collected 186 gold pieces.


Innate Abilities, Weirdness & Mutations

You cannot wear most types of armour.
You are very stealthy in the water. (Stealth+)
You are amphibious.
You can wear up to eight rings at the same time.
You can use your tentacles to constrict eight enemies at once.
Your skin changes colour to match your surroundings (Stealth+).
Your rubbery body absorbs attacks. (AC +1, EV +1)


   Skills:
 + Level 3.5 Fighting
 + Level 3.5 Dodging
 + Level 3.8 Stealth
 + Level 3.5 Unarmed Combat


You had 3 spell levels left.
You didn't know any spells.
Your spell library was empty.

Inventory:

Missiles
 j - 34 poisoned darts (quivered)
Jewellery
 n - a +4 ring of evasion {unknown}
 o - an uncursed amulet of reflection {unknown}
 t - an uncursed ring of positive energy {unknown}
Scrolls
 b - 2 scrolls of enchant weapon {unknown}
 f - 4 scrolls of identify {unknown}
 h - a scroll of enchant armour {unknown}
 m - a scroll of fog {unknown}
 q - 2 scrolls of teleportation {unknown}
 r - a scroll of noise {unknown}
 s - a scroll of remove curse {unknown}
Potions
 a - a potion of might {unknown}
 c - a potion of haste {unknown}
 d - a potion of degeneration {unknown}
 e - a potion of lignification {unknown}
 g - a potion of berserk rage {unknown}
 i - a potion of resistance {unknown}
 k - a potion of curing {unknown}
 l - a potion of flight {unknown}
 p - 2 potions of magic {unknown}

Dungeon Overview and Level Annotations

Branches:
Dungeon (4/15)             Temple (1/1) D:4

Altars:
Cheibriados
Dithmenos
Elyvilon
Kikubaaqudgha
Nemelex Xobeh
Qazlal
Ru
Trog
Vehumet
Wu Jian
Yredelemnul

♣♣?♣ ▒▒.▒▒. ...▒ ▒....
▒..▒ ▒▒▒...▒▒
▒▒▒▒▒▒▒..▒▒...▒ .▒
▒.....▒▒.....?▒▒.▒
▒.....▒▒▒...▒°...▒▒▒▒▒.
▒.................>...
▒..........▒.▒l▒▒..▒▒▒▒.
▒........▒▒▒.▒.x........
▒▒▒▒▒.[.▒▒▒...▒▒........▒
..)...▒.[......▒.....▒▒.▒
........▒▒..>..▒▒....▒
.........▒........▒..▒
.........▒▒...▒▒▒......▒
..........▒.▒▒▒...▒▒.....
▒▒▒▒▒.....▒.▒...... .....
..o...▒............▒Z♣♣♣


You could see an iguana.


Message History

An iguana is nearby!
You tentacle-slap the iguana. Your grab misses the iguana.
The iguana is lightly wounded.
The iguana bites you.
* * * LOW HITPOINT WARNING * * *
You closely miss the iguana. You grab the iguana.
The iguana is lightly wounded.
You constrict the iguana. The iguana barely misses you.
You tentacle-slap the iguana but do no damage.
The iguana is lightly wounded.
You constrict the iguana. The iguana bites you!
* * * LOW HITPOINT WARNING * * *
You release your grip on the iguana.
There is a staircase to the Ecumenical Temple here.
An orc comes into view. It is wielding a +0 club.
You hear a shout!
You hear a shout!
You hear a shout!
You hear a shout!
An adder skeleton comes into view.
The iguana bites you.
* * * LOW HITPOINT WARNING * * *
You barely miss the iguana. You grab the iguana. The iguana bites you!
You die...

Action                   |  1- 3 |  4- 6 || total
-------------------------+-------+-------++-------
Melee: Unarmed           |    35 |    19 ||    54
       Tentacles         |    14 |     3 ||    17
       Constrict         |    12 |     7 ||    19
       Punch             |     1 |     1 ||     2
 Stab: Sleeping          |     5 |     3 ||     8
Armor: Skin              |     2 |       ||     2
Dodge: Dodged            |    18 |     6 ||    24

Levels and vault maps discovered:
D:1:      tarquinn_simple_flora_water_c, layout_loops_ring
D:2:      wad_lake_hut, layout_basic, overflow_temple_1_default,
          overflow_temple_1_default, uniq_jessica
D:3:      layout_rooms, kennysheep_potato, uniq_ijyb
D:4:      layout_rooms, minmay_temple_entry_slanted, serial_forest,
          infiniplex_forest_zigzag_1, infiniplex_forest_side_room,
          infiniplex_forest_clump_tiny, infiniplex_forest_end_double,
          infiniplex_forest_clump_double, infiniplex_forest_end_double,
          infiniplex_forest_clump_curved, makhleb_blood_cavern_becter
Temple:   compressed_dpeg_circular_temple

Notes
Turn   | Place    | Note
-------+----------+-------------------------------------------
     0 | D:1      | gbos the Octopode Monk began the quest for the Orb.
     0 | D:1      | Reached XP level 1. HP: 16/16 MP: 1/1
   122 | D:1      | Reached skill level 3 in Stealth
   122 | D:1      | Reached XP level 2. HP: 21/21 MP: 2/2
   835 | D:2      | Found a basalt altar of Yredelemnul.
  1038 | D:2      | Noticed Jessica
  1044 | D:2      | Killed Jessica
  1044 | D:2      | Reached XP level 3. HP: 26/26 MP: 3/3
  1099 | D:2      | Reached XP level 4. HP: 24/31 MP: 4/4
  1440 | D:2      | Found an ornate altar of the Wu Jian Council.
  1624 | D:4      | Found a staircase to the Ecumenical Temple.
  1637 | Temple   | Entered the Ecumenical Temple
  1673 | Temple   | Became a worshipper of Qazlal Stormbringer
  1673 | Temple   | Reached * piety under Qazlal
  1673 | Temple   | Reached ** piety under Qazlal
  1698 | D:4      | HP: 6/31 [iguana (11)]
  1739 | D:4      | HP: 5/31 [iguana (5)]
  1741 | D:4      | Slain by an iguana

Vanquished Creatures
  Jessica (D:2)
  An adder (D:2)
  4 dart slugs
  A leopard gecko (D:3)
  2 orcs
  A bat (D:1)
  A giant cockroach (D:2)
  2 goblins
  2 hobgoblins (D:1)
  3 jackals (D:2)
  A ball python (D:2)
  A frilled lizard (D:2)
  2 kobolds (D:2)
22 creatures vanquished.

Vanquished Creatures (others)
  8 plants
8 creatures vanquished.

Grand Total: 30 creatures vanquished
